 Dungeon Crawl Stone Soup version 0.30-a0-867-g305f33218d (webtiles) character file.

Game seed: 17350604667682796783

6 Pimp the Chiller (level 1, -1/11 HPs)
             Began as an Octopode Ice Elementalist on Mar 10, 2023.
             Frozen to death by an endoplasm (5 damage)
             ... on level 1 of the Dungeon.
             The game lasted 00:00:37 (145 turns).

Pimp the Chiller (Octopode Ice Elementalist)         Turns: 145, Time: 00:00:38

Health: -1/11      AC:  1    Str:  7    XL:     1   Next: 90%
Magic:  3/3        EV: 13    Int: 17    God:
Gold:   23         SH:  0    Dex: 12    Spells: 3/4 levels left

rFire   . . .      SeeInvis .    (no weapon)
rCold   . . .      Faith    .    (no shield)
rNeg    . . .      Spirit   .    (helmet restricted)
rPois   .          Reflect  .    (no amulet)
rElec   .          Rampage  .    (no ring)
rCorr   .                        (no ring)
Will    .....                    (no ring)
Stlth   +++                      (no ring)
HPRegen 0.21/turn                (no ring)
MPRegen 0.08/turn                (no ring)
                                 (no ring)
                                 (no ring)

@: no status effects
A: almost no armour, amphibious, 8 rings, camouflage 1, gelatinous body 1,
(nimble swimmer 1), tentacles
a: no special abilities


You were on level 1 of the Dungeon.
You visited 1 branch of the dungeon, and saw 1 of its levels.

You collected 23 gold pieces.

Inventory:

Missiles
 c - 4 poisoned darts
Scrolls
 b - 2 scrolls of identify {unknown}
Potions
 a - a potion of magic


   Skills:
 + Level 2.1 Dodging
 + Level 3.0 Stealth
 + Level 2.1 Spellcasting
 + Level 4.0 Ice Magic


You had 3 spell levels left.
You knew the following spells:

 Your Spells              Type           Power      Damage    Failure   Level
a - Freeze                Ice            60%        1d7       3%          1

Your spell library contained the following spells:

 Spells                   Type           Power      Damage    Failure   Level
 Frozen Ramparts          Ice            30%        1d5       11%         3
 Ozocubu's Armour         Ice            15%        N/A       11%         3
 Summon Ice Beast         Ice/Summ       8%         N/A       63%         4


Dungeon Overview and Level Annotations

Branches:
Dungeon (1/15)

Altars:


Innate Abilities, Weirdness & Mutations

You cannot wear most types of armour.
You are amphibious.
You can wear up to eight rings at the same time.
Your skin changes colour to match your surroundings (Stealth+).
Your rubbery body absorbs attacks. (AC +1, EV +1)
((You are camouflaged when in or above water. (Stealth+)))
You have tentacles for arms and can constrict up to eight enemies at once.


Message History

The bat is severely wounded.
The bat misses you. The bat misses you.
You barely miss the bat. You grab the bat.
The bat is heavily wounded.
You constrict the bat. The bat hits you. The bat hits you but does no damage.
The bat hits you.
You tentacle-slap the bat.
You kill the bat!
You start resting.
HP restored.
A dart slug comes into view.
A ball python comes into view.
Found a faded altar of an unknown god.
A ball python and an endoplasm come into view.
The helpless dart slug fails to defend itself.
You tentacle-slap the dart slug but do no damage.
You grab the dart slug. You squeeze the dart slug!
The dart slug is almost dead.
You constrict the dart slug, but do no damage.
The ball python hisses angrily.
The helpless endoplasm fails to defend itself.
You tentacle-slap the endoplasm but do no damage.
You constrict the dart slug. The dart slug launches a dart at you.
The slug dart misses you. The endoplasm freezes you.
You are frozen.
You tentacle-slap the dart slug.
You kill the dart slug!
The endoplasm hits you.
Your Stealth skill increases to level 3!
You tentacle-slap the endoplasm.
The endoplasm is lightly wounded.
The endoplasm barely misses you.
You tentacle-slap the endoplasm.
The endoplasm is moderately wounded.
The endoplasm freezes you.
You are frozen.
You die...

#.........#
...........
#........##
......_...
#........##
.........
#.......##.
###...#
#.......#.⌠
G#...#
#.#####.#..
..###...###...S
#.'..
.......SJ...#
#.#..
.......@####
#.#.⌠
...........###
#.##.
###....###...##
#..## #....
###..# ###..#
#....
##.#####.....
#....
#....##.....
###..
####........
#.. ###.....†
#......


You could see a shining eye, an endoplasm and 2 ball pythons.

Vanquished Creatures
  A dart slug (D:1)
  A bat (D:1)
  A quokka (D:1)
  A rat (D:1)
4 creatures vanquished.

Notes
Turn   | Place    | Note
-------+----------+-------------------------------------------
     0 | D:1      | Pimp the Octopode Ice Elementalist began the quest for the
                  | Orb.
     0 | D:1      | Reached XP level 1. HP: 11/11 MP: 3/3
   137 | D:1      | Noticed a shining eye
   139 | D:1      | Found a faded altar of an unknown god.
   145 | D:1      | Frozen to death by an endoplasm

Illustrated notes

Levels and vault maps discovered:
D:1:      ncdulo_halloftheorcs, layout_basic,
          hellmonk_ecumenical_altar_watching_god, serial_shops,
          nicolae_shop_behind_doors

Skill      XL: |  1 |
---------------+----+-----
Stealth        | 3 |  3.0
Dodging        | |  2.1
Spellcasting   | |  2.1
Ice Magic      | |  4.0

Action                     || total
---------------------------++-------
  Melee: Unarmed           ||    14
         Constrict         ||     3
         Tentacles         ||     3
   Stab: Sleeping          ||     3
 Armour: Skin              ||     3
  Dodge: Dodged            ||    11

Table legend: (Time is in decaauts)
 A = Elapsed time spent in this place.
 B = Non-inter-level travel time spent in this place.
 C = Inter-level travel time spent in this place.
 D = Time resting spent in this place.
 E = Time spent auto-exploring this place.
 F = Levels seen in this place.
 G = Mean time per level.
                   A        B        C        D        E       F      G
               +--------+--------+--------+--------+--------+-----+--------+
         Total |    145 |    128 |     17 |     32 |     50 |   1 |  145.0 |
       Dungeon |    145 |    128 |     17 |     32 |     50 |   1 |  145.0 |
               +--------+--------+--------+--------+--------+-----+--------+

Top non-repeatable levels by time:
     D:1: 145 daAuts
